 Dungeon Crawl Stone Soup version 0.25.1-8-g42b30a86e7 (webtiles) character file.

Game seed: 9240264239995634134

69 Clowwww the Skirmisher (level 4, -1/35 HPs)
             Began as a Demonspawn Fighter on Dec 20, 2020.
             Slain by a gnoll
             ... wielding a +0 whip
              (7 damage)
             ... on level 2 of the Dungeon.
             The game lasted 00:02:00 (1396 turns).

Clowwww the Skirmisher (Demonspawn Fighter)         Turns: 1396, Time: 00:02:01

Health: -1/35      AC:  6    Str: 18    XL:     4   Next: 2%
Magic:  4/4        EV:  7    Int:  9    God:
Gold:   74         SH:  9    Dex: 12    Spells: 3/3 levels left

rFire    . . .     SeeInvis .   a - +0 war axe
rCold    . . .     Gourm    .   c - +0 kite shield
rNeg     . . .     Faith    .   b - +0 scale mail
rPois    .         Spirit   .   (no helmet)
rElec    .         Reflect  .   (no cloak)
rCorr    .         Harm     .   (no gloves)
MR       .....                  (no boots)
Stlth    ..........             (no amulet)
HPRegen  0.11/turn              (no ring)
MPRegen  0.09/turn              (no ring)

@: mighty
A: hooves 1, powered by death 1
a: no special abilities


You were on level 2 of the Dungeon.
You were not hungry.

You visited 1 branch of the dungeon, and saw 2 of its levels.

You collected 74 gold pieces.

Inventory:

Hand Weapons
 a - a +0 war axe (weapon)
Armour
 b - a +0 scale mail (worn)
 c - a +0 kite shield (worn)
Scrolls
 i - 2 scrolls of identify {unknown}
Potions
 e - a potion of curing {unknown}
 h - a potion of heal wounds {unknown}
 j - 2 potions of flight {unknown}
Comestibles
 f - 4 rations
 g - 4 chunks of flesh


   Skills:
 + Level 3.3 Fighting
 + Level 2.4 Axes
 + Level 3.3 Armour
 + Level 0.4 Dodging
 + Level 3.2 Shields


You had 3 spell levels left.
You didn't know any spells.
Your spell library contained the following spells:

 Spells                   Type           Power        Failure   Level  Hunger
 Animate Skeleton         Necr           N/A          99%         1    ##.....
 Apportation              Tloc           #.....       99%         1    ##.....
 Corona                   Hex            #......      99%         1    ##.....
 Summon Small Mammal      Summ           #...         99%         1    ##.....


Dungeon Overview and Level Annotations

Branches:
Dungeon (2/15)

Altars:

Annotations:
D:2 Natasha


Innate Abilities, Weirdness & Mutations

You have large cloven feet.
You regenerate a little health from kills.


Message History

Your shield and scale mail prevent you from hitting the gnoll.
You closely miss the gnoll. You barely miss the gnoll.
The gnoll hits you with a +0 flail! You block the gnoll's attack.
The gnoll hits you with a +0 whip.
* * * LOW HITPOINT WARNING * * *
The gnoll hits you but does no damage. You block the gnoll's attack.
The gnoll hits you with a +0 flail.
* * * LOW HITPOINT WARNING * * *
You feel very mighty all of a sudden. The gnoll hits you but does no damage.
You block the gnoll's attack.
You slash the gnoll! Your kick misses the gnoll.
The gnoll is severely wounded.
You hit the gnoll. You slash the gnoll! You block the gnoll's attack.
The white imp puffs mist at you.
Natasha mumbles some strange words.
You feel disoriented. The gnoll hits you but does no damage.
You block the gnoll's attack. The gnoll barely misses you.
Natasha claws you but does no damage. The gnoll hits you with a +0 whip!
You die...

#...#####......... #####
#............
#######...........###
###................>..##
....#####..............#
##......................
...######).......5......
#### #.......gg5..... #
#.......@hg.....
#.......g.5.....
#...............
##.(...........#
##.....#.....##
#############


You could see 2 iron imps, Natasha, 4 gnolls and a white imp (summoned).

Vanquished Creatures
  Jessica (D:2)
  2 worms (D:2)
  A dart slug (D:1)
  A ball python (D:2)
  2 giant cockroaches
  4 goblins
  2 hobgoblins
  4 jackals (D:2)
  6 kobolds
  A quokka (D:2)
  4 bats
  2 frilled lizards (D:1)
  3 rats
33 creatures vanquished.

Notes
Turn   | Place    | Note
-------+----------+-------------------------------------------
     0 | D:1      | Clowwww the Demonspawn Fighter began the quest for the Orb.
     0 | D:1      | Reached XP level 1. HP: 18/18 MP: 1/1
   465 | D:1      | Gained mutation: You have large cloven feet. [demonic
                  | ancestry]
   465 | D:1      | Reached XP level 2. HP: 24/24 MP: 2/2
  1177 | D:2      | Reached XP level 3. HP: 29/29 MP: 3/3
  1299 | D:2      | Noticed Jessica
  1306 | D:2      | Killed Jessica
  1325 | D:2      | Gained mutation: You regenerate a little health from kills.
                  | [demonic ancestry]
  1325 | D:2      | Reached XP level 4. HP: 32/35 MP: 4/4
  1390 | D:2      | Noticed Natasha
  1396 | D:2      | Slain by a gnoll

Illustrated notes

Levels and vault maps discovered:
D:1:      dpeg_arrival_oval, layout_basic
D:2:      layout_rooms, glass_columns_c, uniq_natasha, uniq_jessica

Skill      XL: |  1  2 |
---------------+-------+-----
Axes           | 2 |  2.4
Armour         | 3 |  3.3
Shields        | 3 |  3.2
Fighting       | |  3.3
Dodging        | |  0.4

Action                   |  1- 3 |  4- 6 || total
-------------------------+-------+-------++-------
Melee: War axe           |    90 |     5 ||    95
       Kick              |    10 |     1 ||    11
  Use: Potion            |       |     1 ||     1
  Eat: Chunk             |     1 |     1 ||     2
Armor: Scale mail        |    53 |     6 ||    59
Dodge: Dodged            |    29 |     1 ||    30
Block: Kite shield       |    63 |     6 ||    69
